 Dungeon Crawl Stone Soup version 0.28-a0-1184-g53156a8862 (webtiles) character file.

Game seed: 1966545282931141270

44 ytrimaz the Insei (level 3, -1/23 HPs)
             Began as an Octopode Transmuter on Dec 18, 2021.
             Slain by Terence (8 damage)
             ... on level 2 of the Dungeon.
             The game lasted 00:01:27 (1853 turns).

ytrimaz the Insei (Octopode Transmuter)             Turns: 1853, Time: 00:01:27

Health: -1/23      AC:  1    Str:  9    XL:     3   Next: 60%
Magic:  2/6        EV: 13    Int: 17    God:
Gold:   61         SH:  0    Dex: 12    Spells: 1/7 levels left

rFire   . . .      SeeInvis .     - Unarmed
rCold   . . .      Faith    .   (no shield)
rNeg    . . .      Spirit   .   (helmet restricted)
rPois   .          Reflect  .   (no amulet)
rElec   .          Harm     .   (no ring)
rCorr   .          Rampage  .   (no ring)
Will    .....                   (no ring)
Stlth   ++........              (no ring)
HPRegen 0.07/turn               (no ring)
MPRegen 0.10/turn               (no ring)
                                (no ring)
                                (no ring)

@: very slightly contaminated
A: almost no armour, amphibious, 8 rings, camouflage 1, gelatinous body 1,
(nimble swimmer 1), tentacles
a: no special abilities


You were on level 2 of the Dungeon.
You visited 1 branch of the dungeon, and saw 2 of its levels.

You collected 61 gold pieces.

Inventory:

Potions
 a - 3 potions of curing
 b - a potion of flight {unknown}
 c - a potion of haste {unknown}
 d - a potion of magic {unknown}


   Skills:
 * Level 1.4 Fighting
 - Level 2.0 Dodging
 + Level 3.4 Unarmed Combat
 * Level 2.5 Spellcasting
 * Level 2.6 Transmutations


You had one spell level left.
You knew the following spells:

 Your Spells              Type           Power      Damage    Failure   Level
a - Beastly Appendage     Tmut           22%        N/A       6%          1
b - Wereblood             Tmut           11%        N/A       10%         2
c - Spider Form           Tmut/Pois      6%         N/A       32%         3

Your spell library contained the following spells:

 Spells                   Type           Power      Damage    Failure   Level
 Ice Form                 Ice/Tmut       6%         N/A       71%         4


Dungeon Overview and Level Annotations

Branches:
Dungeon (2/15)

Altars:
Elyvilon

Annotations:
D:2 Terence


Innate Abilities, Weirdness & Mutations

You cannot wear most types of armour.
You are amphibious.
You can wear up to eight rings at the same time.
Your skin changes colour to match your surroundings (Stealth+).
Your rubbery body absorbs attacks. (AC +1, EV +1)
((You are camouflaged near water. (Stealth+)))
You have tentacles for arms and can constrict up to eight enemies at once.


Message History

You barely miss something. Something hits you.
Unknown command.
There is a stone staircase leading down here.
Unknown command.
Your transformation has ended.
There is an escape hatch in the floor here.
Casting: Spider Form (extremely dangerous; 32% risk of failure)
Confirm with . or Enter, or press ? or * to list all spells.
The spell is extremely dangerous to miscast (32% risk of failure)!
Continue anyway?
You turn into a venomous arachnid creature.
Unknown command.
You hit something but do no damage. Something hits you.
* * * LOW HITPOINT WARNING * * *
You barely miss something. Something barely misses you.
Unknown command.
You bite something!
Your transformation is almost over.
You see here a hobgoblin skeleton.
Something barely misses you.
Unknown command.
There is a strange disturbance nearby!
There is a strange disturbance nearby!
Something completely misses you.
You hit something but do no damage.
Your transformation has ended.
Terence appears from thin air!
Reactivating autopickup.
Terence completely misses you.
Unknown command.
Casting: Spider Form (extremely dangerous; 32% risk of failure)
Confirm with . or Enter, or press ? or * to list all spells.
The spell is extremely dangerous to miscast (32% risk of failure)!
Continue anyway?
Okay, then.
Casting: Spider Form (extremely dangerous; 32% risk of failure)
Confirm with . or Enter, or press ? or * to list all spells.
The spell is extremely dangerous to miscast (32% risk of failure)!
Continue anyway?
You miscast Spider Form.
You are very lightly contaminated with residual magic.
Nothing appears to happen.
Terence hits you with a +0 hand axe!
You die...

#.## #...........#.#
#####..#######.......##.##.#
#.........##....#.#####....#
#.........#.....#.# #######
+.........#.....#.# #.....#
##.........#.....#.#####.###.####
...........#.#.#.......#.........
#.........#...#@#+###.#####.####
#......†.......@........#...# #
########..#...#....#.##)#.### #
##.#...#....#.##...# #
#.....#......###### #
#..........### # #..#..##...# #
##.........## # #.....†###.# #
#......# #.# #


You could see Terence.

Vanquished Creatures
  An adder (D:2)
  2 dart slugs (D:1)
  A bat (D:2)
  2 endoplasms (D:1)
  2 goblins (D:1)
  4 hobgoblins
  2 kobolds (D:1)
  9 ball pythons
  2 frilled lizards
  6 rats
31 creatures vanquished.

Notes
Turn   | Place    | Note
-------+----------+-------------------------------------------
     0 | D:1      | ytrimaz the Octopode Transmuter began the quest for the
                  | Orb.
     0 | D:1      | Reached XP level 1. HP: 13/13 MP: 3/3
   366 | D:1      | Reached XP level 2. HP: 7/18 MP: 3/5
   879 | D:1      | Learned a level 2 spell: Wereblood
   951 | D:1      | Reached XP level 3. HP: 23/23 MP: 6/6
   955 | D:1      | Learned a level 3 spell: Spider Form
  1427 | D:2      | Found a white marble altar of Elyvilon.
  1788 | D:2      | Noticed Terence
  1853 | D:2      | Slain by Terence

Illustrated notes

Levels and vault maps discovered:
D:1:      dpeg_arrival_snail, layout_basic, grunt_decor_junction, st_stairs_2,
          wander_ebering_terrifying_dragon_lair
D:2:      layout_basic, basic_altar, basic_ecumenical_altar,
          minmay_misc_feat_five, uniq_jessica, uniq_terence

Action                   || total
-------------------------++-------
Melee: Unarmed           ||    72
       Constrict         ||    20
       Kick              ||    12
       Tentacles         ||     7
 Cast: Beastly Appendage ||    22
       Spider Form       ||     2
  Use: Scroll            ||     2
       Potion            ||     1
 Stab: Sleeping          ||     4
Armor: Skin              ||     3
Dodge: Dodged            ||    44

Table legend: (Time is in decaauts)
 A = Elapsed time spent in this place.
 B = Non-inter-level travel time spent in this place.
 C = Inter-level travel time spent in this place.
 D = Time resting spent in this place.
 E = Time spent auto-exploring this place.
 F = Levels seen in this place.
 G = Mean time per level.
                   A        B        C        D        E       F      G
               +--------+--------+--------+--------+--------+-----+--------+
         Total |   1848 |   1836 |     12 |     10 |   1517 |   2 |  924.0 |
       Dungeon |   1848 |   1836 |     12 |     10 |   1517 |   2 |  924.0 |
               +--------+--------+--------+--------+--------+-----+--------+

Top non-repeatable levels by time:
     D:1: 1236 daAuts
     D:2: 611 daAuts
